 Dungeon Sprint DCSS version 0.27-a0-1591-gc56fcc985a (webtiles) character file.

Game seed: 13093224634277496255

517394 mhtbhm the End of an Era (level 19, 114/223 HPs)
             Began as a Deep Dwarf Fighter on July 19, 2021.
             Was the Champion of Qazlal.
             Escaped with the Orb!
             The game lasted 00:22:27 (2612 turns).

mhtbhm the End of an Era (Deep Dwarf Fighter)       Turns: 2612, Time: 00:22:28

Health: 114/223    AC: 50    Str: 43    XL:     19   Next: 96%
Magic:  24/28      EV: 14    Int: 14    God:    Qazlal [******]
Gold:   0          SH: 52    Dex: 12    Spells: 19/19 levels left

rFire    + . .     SeeInvis .   a - +14 lance "Wyrmbane" {slay drac, rPois rF+ rC+ AC+3}
rCold    + . .     Faith    .   c - +18 shield of the Gong {rElec rN+ Will+ EV-5}
rNeg     + + +     Spirit   .   b - +15 Maxwell's patent armour {-Cast -Tele rElec Will+ rCorr}
rPois    +         Reflect  +   E - +0 helmet {Int+3}
rElec    +         Harm     .   L - +1 cloak of Starlight {*Dazzle EV+4 Stlth--}
rCorr    +         Rampage  .   v - +0 pair of gloves {Stlth+}
Will     ++++.     NoTele   +   S - +0 pair of boots of Youthful Indiscretion {rN+} Stlth ..........NoCast +
                                O - amulet of Muitos {Reflect -Cast Str+5 SH+5}
HPRegen  0.00/turn              y - +6 ring of strength
MPRegen  0.21/turn              z - +6 ring of strength

@: studying 2 skills, repel missiles
A: damage resistance, heal wounds, negative energy resistance 1, sense
surroundings 3, no regeneration
0: Orb of Zot
a: Heal Wounds, Renounce Religion, Upheaval, Elemental Force, Disaster Area


You escaped.
You worshipped Qazlal.
Qazlal was exalted by your worship.
You visited 1 branch

Inventory:

Hand Weapons
 a - the +14 lance "Wyrmbane" (weapon) {slay drac, rPois rF+ rC+ AC+3}
   (You found it in the Dungeon)

   It inflicts extra damage against dragons and draconians.
   AC:        It affects your AC (+3).
   rF:        It protects you from fire.
   rC:        It protects you from cold.
   rPois:     It protects you from poison.
 x - the +8 Wrath of Trog {antimagic, *Rage Rampage}
   (You found it in the Dungeon)

   It reduces the magical energy of the wielder, and disrupts the spells and
   magical abilities of those it strikes.
   Natural abilities and divine invocations are not affected.
   It causes slowness and exhaustion when equipped.
   It extends the wielder's berserk rage when killing foes.
   *Rage:     It may make you go berserk in combat.
   Rampage:   It bestows one free step when moving towards enemies.
 I - the +10 zealot's sword {holy, *Rage rN+ EV+3}
   (You found it in the Dungeon)

   It has been blessed by the Shining One to cause great damage to the undead
   and demons.
   Whenever the wielder enters a berserk rage, their allies are berserked
   alongside them.
   EV:        It affects your evasion (+3).
   rN:        It protects you from negative energy.
   *Rage:     It may make you go berserk in combat.
 J - the +8 frozen axe "Frostbite" {freezing cloud, *Noise Fly rC+}
   (You found it in the Dungeon)

   It freezes those it strikes, dealing additional cold damage.
   It can also slow down cold-blooded creatures.
   It occasionally leaves clouds of freezing vapour upon striking a foe.
   It grants immunity to clouds of freezing vapour.
   rC:        It protects you from cold.
   Fly:       It grants you flight.
   *Noise:    It may make noises in combat.
 X - the +6 arbalest "Damnation" {damnation}
   (You found it in the Dungeon)

   Any ammunition fired from it explodes in a burst of damnation on striking a
   foe, dealing damage which bypasses armour.
Missiles
 w - 8 boomerangs of dispersal
Armour
 b - the +15 Maxwell's patent armour (worn) {-Cast -Tele rElec Will+ rCorr}
   (You found it in the Dungeon)

   rElec:     It insulates you from electricity.
   -Cast:     It prevents spellcasting.
   -Tele:     It prevents most forms of teleportation.
   rCorr:     It protects you from acid and corrosion.
   Will:      It increases your willpower.
 c - the +18 shield of the Gong (worn) {rElec rN+ Will+ EV-5}
   (You found it in the Dungeon)

   It is deafeningly noisy when blocking attacks.
   EV:        It affects your evasion (-5).
   rElec:     It insulates you from electricity.
   rN:        It protects you from negative energy.
   Will:      It increases your willpower.
 v - a +0 pair of gloves of stealth (worn)
 E - a +0 helmet of intelligence (worn)
 L - the +1 cloak of Starlight (worn) {*Dazzle EV+4 Stlth--}
   (You found it in the Dungeon)

   It may blind those who miss an attack against the wearer in melee combat.
   EV:        It affects your evasion (+4).
   Stlth:     It makes you much less stealthy.
 S - the +0 pair of boots of Youthful Indiscretion (worn) {rN+}
   (You found it in the Dungeon)

   rN:        It protects you from negative energy.
Jewellery
 y - a +6 ring of strength (left hand)
 z - a +6 ring of strength (right hand)
 H - the amulet "Soedghuk" {Spirit rPois Str+4 Stlth+}
   (You found it in the Dungeon)

   [amulet of guardian spirit]

   It causes incoming damage to be divided between your reserves of health and
   magic.
   Str:       It affects your strength (+4).
   rPois:     It protects you from poison.
   Stlth:     It makes you more stealthy.
 M - a ring of poison resistance
 N - a +4 ring of evasion
 O - the amulet of Muitos (around neck) {Reflect -Cast Str+5 SH+5}
   (You found it in the Dungeon)

   [amulet of reflection]

   It reflects blocked missile attacks.
   Str:       It affects your strength (+5).
   -Cast:     It prevents spellcasting.
   SH:        It affects your SH (+5).
 P - a +4 ring of protection
 Q - the amulet of the Four Winds {rN+ Will+++ Clar}
   (You found it in the Dungeon)

   [amulet of nothing]

   rN:        It protects you from negative energy.
   Clar:      It protects you against confusion.
   Will:      It greatly increases your willpower.
 R - an amulet of guardian spirit
 T - the ring of Beogh's Delight {rN+ Will+ Str+4 Dex-5}
   (You found it in the Dungeon)

   [ring of willpower]

   Str:       It affects your strength (+4).
   Dex:       It affects your dexterity (-5).
   rN:        It protects you from negative energy.
   Will:      It increases your willpower.
 U - the ring of Wugem {Fire rN+}
   (You found it in the Dungeon)

   [ring of fire]

   It enhances your fire magic.
   rF:        It protects you from fire.
   rC:        It makes you vulnerable to cold.
   rN:        It protects you from negative energy.
 V - a +4 ring of evasion
 W - a ring of fire
Wands
 A - a wand of mindburst (6)
 C - a wand of acid (1)
Scrolls
 j - 4 scrolls of blinking
 o - 4 scrolls of amnesia
 p - 7 scrolls of fog
 q - a scroll of holy word
 r - 5 scrolls of identify
 s - 2 scrolls of fear
 B - 14 scrolls of brand weapon
 K - 8 scrolls of enchant weapon
Potions
 d - 6 potions of might
 e - 6 potions of curing
 f - 5 potions of heal wounds
 g - 21 potions of haste
 h - 6 potions of magic
 i - a potion of berserk rage
 k - 2 potions of brilliance
 l - 2 potions of invisibility
 m - 4 potions of resistance
Miscellaneous
 t - a lightning rod (4/4)
 u - a condenser vane
 D - a box of beasts
 F - a tin of tremorstones (2/2)
 G - a phantom mirror


   Skills:
 + Level 26.1 Fighting
 + Level 0.6(0.8) Short Blades
 + Level 0.4(0.7) Long Blades
 + Level 5.4(20.5) Axes
 + Level 0.4(3.1) Maces & Flails
 + Level 25.2(25.3) Polearms
 + Level 0.3(17.4) Staves
 + Level 0.4(0.6) Slings
 + Level 0.2 Bows
 + Level 0.4 Crossbows
 + Level 0.3(0.4) Throwing
 O Level 27 Armour
 + Level 14.1 Dodging
 O Level 27 Shields
 + Level 0.3 Unarmed Combat
 + Level 0.5 Spellcasting
 + Level 0.3 Conjurations
 + Level 0.2 Hexes
 + Level 0.3 Summonings
 + Level 0.4 Necromancy
 + Level 0.4 Translocations
 + Level 0.3 Transmutations
 + Level 0.3 Fire Magic
 + Level 0.3 Ice Magic
 + Level 0.2 Air Magic
 + Level 1.0 Earth Magic
 + Level 0.2 Poison Magic
 O Level 27 Invocations
 O Level 27 Evocations


You had 19 spell levels left.
You didn't know any spells.
Your spell library contained the following spells:

 Spells                   Type           Power      Damage    Failure   Level
 Sandblast                Erth           6%         2d5       36%         1
 Animate Skeleton         Necr           2%         N/A       43%         1
 Apportation              Tloc           2%         N/A       43%         1
 Pain                     Necr           4%         1d4       43%         1
 Beastly Appendage        Tmut           2%         N/A       45%         1
 Corona                   Hex            1%         N/A       45%         1
 Freeze                   Ice            4%         1d3       45%         1
 Magic Dart               Conj           4%         1d3       45%         1
 Shock                    Conj/Air       4%         1d3       45%         1
 Summon Small Mammal      Summ           4%         N/A       45%         1
 Passwall                 Tmut/Erth      1%         N/A       54%         2
 Blink                    Tloc           N/A        N/A       56%         2
 Call Imp                 Summ           1%         N/A       58%         2
 Searing Ray              Conj           2%         3d3       58%         2
 Slow                     Hex            1%         N/A       58%         2
 Static Discharge         Conj/Air       1%         N/A       58%         2
 Wereblood                Tmut           1%         N/A       58%         2
 Poisonous Vapours        Pois/Air       2%         N/A       61%         2
 Stone Arrow              Conj/Erth      4%         3d7       78%         3
 Vampiric Draining        Necr           0%         2d6       80%         3
 Portal Projectile        Hex/Tloc       2%         N/A       82%         3
 Call Canine Familiar     Summ           1%         N/A       83%         3
 Confusing Touch          Hex            1%         N/A       83%         3
 Ignite Poison            Fire/Tmut/Pois 1%         N/A       83%         3
 Inner Flame              Hex/Fire       1%         N/A       83%         3
 Mephitic Cloud           Conj/Pois/Air  1%         N/A       83%         3
 Ozocubu's Armour         Ice            1%         N/A       83%         3
 Spider Form              Tmut/Pois      0%         N/A       83%         3
 Summon Guardian Golem    Hex/Summ       1%         N/A       83%         3
 Tukima's Dance           Hex            1%         N/A       83%         3
 Animate Dead             Necr           0%         N/A       99%         4
 Cause Fear               Hex            0%         N/A       99%         4
 Dispel Undead            Necr           1%         3d6       99%         4
 Fulminant Prism          Conj/Hex       0%         3d6       99%         4
 Iskenderun's Mystic Bla  Conj/Tloc      1%         2d3       99%         4
 Leda's Liquefaction      Hex/Erth       1%         N/A       99%         4
 Olgreb's Toxic Radiance  Pois           1%         N/A       99%         4
 Passage of Golubria      Tloc           N/A        N/A       99%         4
 Petrify                  Tmut/Erth      2%         N/A       99%         4
 Sticky Flame             Conj/Fire      1%         2d3       99%         4
 Summon Ice Beast         Ice/Summ       1%         N/A       99%         4
 Summon Lightning Spire   Summ/Air       1%         N/A       99%         4
 Alistair's Intoxication  Tmut/Pois      0%         N/A       100%        5
 Bolt of Magma            Conj/Fire/Erth 0%         4d4       100%        5
 Borgnjor's Vile Clutch   Necr/Erth      1%         N/A       100%        5
 Fireball                 Conj/Fire      0%         3d3       100%        5
 Freezing Cloud           Conj/Ice/Air   0%         6-21      100%        5
 Iskenderun's Battlesphe  Conj           1%         2d6       100%        5
 Manifold Assault         Tloc           1%         N/A       100%        5
 Metabolic Englaciation   Hex/Ice        0%         N/A       100%        5
 Summon Forest            Summ/Tloc      0%         N/A       100%        5
 Yara's Violent Unravell  Hex/Tmut       0%         3d3       100%        5
 Death Channel            Necr           0%         N/A       100%        6
 Dispersal                Tloc           0%         N/A       100%        6
 Eringya's Noxious Bog    Tmut/Pois      0%         N/A       100%        6
 Invisibility             Hex            0%         N/A       100%        6
 Iron Shot                Conj/Erth      1%         9d1       100%        6
 Starburst                Conj/Fire      0%         8x6d3     100%        6
 Statue Form              Tmut/Erth      1%         N/A       100%        6
 Haunt                    Necr/Summ      0%         N/A       100%        7
 Malign Gateway           Summ/Tloc      0%         N/A       100%        7
 Orb of Destruction       Conj           0%         N/A       100%        7
 Ozocubu's Refrigeration  Ice            0%         4d5       100%        7
 Spellforged Servitor     Conj/Summ      0%         N/A       100%        7
 Storm Form               Tmut/Air       0%         N/A       100%        7
 Borgnjor's Revivificati  Necr           0%         N/A       100%        8
 Discord                  Hex            0%         N/A       100%        8
 Disjunction              Tloc           0%         N/A       100%        8
 Ignition                 Fire           0%         3d3       100%        8
 Maxwell's Capacitive Co  Air            0%         ∞         100%        8
 Necromutation            Tmut/Necr      0%         N/A       100%        8
 Summon Horrible Things   Summ           0%         N/A       100%        8
 Chain Lightning          Conj/Air       0%         2d1       100%        9
 Death's Door             Necr           0%         N/A       100%        9
 Fire Storm               Conj/Fire      0%         6d1       100%        9
 Shatter                  Erth           1%         3d6*      100%        9


Dungeon Overview and Level Annotations

Branches:
Dungeon (1/1)

Altars:
Ashenzari
Cheibriados
Dithmenos
Elyvilon
Fedhas
Gozag
Hepliaklqana
Kikubaaqudgha
Makhleb
Nemelex Xobeh
Okawaru
Qazlal
Ru
Sif Muna
Trog
Uskayaw
Vehumet
Wu Jian
Xom
Yredelemnul
Zin
The Shining One
Beogh
Jiyva
Lugonu


Innate Abilities, Weirdness & Mutations

You are resistant to damage.
You can heal yourself by infusing magical energy.
You resist negative energy. (rN+)
You passively map a large area around you.
You do not regenerate.


Message History

You see here a +0 robe.
You see here a +0 short sword.
You see here a staff of poison.
You see here a tin of tremorstones (2/2).
You see here a piece from Xom's chessboard (15/15).
You pick up a book of Changes and begin reading...
You add the spells Wereblood and Spider Form to your library.
You see here a box of beasts.
Items here: ) [ }}.
You pick up a book of the Sky and begin reading...
You add the spells Summon Lightning Spire and Maxwell's Capacitive Coupling to your library.
You see here a +0 dagger.
You see here a +0 dagger.
Items here: ) [ }}.
You see here a box of beasts.
You see here a piece from Xom's chessboard (15/15).
You see here a tin of tremorstones (2/2).
You see here a staff of poison.
You see here a +0 short sword.
You see here a +0 robe.
There is a transporter here.
You see here Ozocubu's Autobiography.
An exit appears before you!
You enter the transporter and appear at another place.
Found the Orb of Zot.
Found a staircase leading out of the dungeon.
Unknown command.
Unknown command.
You see here the Orb of Zot.
You feel more experienced!
Your Earth Magic skill increases to level 1!
You have reached level 19!
Unknown command.
There is a staircase leading out of the dungeon here.
You see here the Orb of Zot.
You pick up the Orb of Zot!
The Orb lets out a hideous shriek!
The lords of Pandemonium are not amused.
Beware!
Now all you have to do is get back out of the dungeon!
There is a staircase leading out of the dungeon here.
You have escaped!

..≈))..≈≈...▓..▓.......▓..▓...8©8
..†)))†≈[†..▓.▓▓▓.....▓▓▓.▓...|..
≈≈≈..≈≈)...≈▓..▓.......▓..▓..).).
..≈).).≈≈.≈≈▓.............▓......
.)..†)≈≈≈..≈▓......©......▓......
≈..≈.†.≈.≈≈≈▓▓▓▓▓▓▓▓▓▓▓▓▓▓▓......
.≈≈≈≈.....≈≈▓8888888888888▓....†.
▓≈.....≈▓..≈▓8...........8▓..▓...
..≈.....≈≈..▓8.§@.....©..8▓.▓....
≈.≈≈≈.≈.≈.≈.▓8.○.°.......8▓....©.
≈≈≈.©≈≈≈.≈..▓8888888888888▓▓▓▓▓▓▓
▓▓▓▓▓▓▓▓▓▓▓▓▓▓▓▓▓▓▓▓▓▓▓▓▓▓▓▓▓▓▓▓▓
...:)8©8...[.†..▓........8©8[....
}.[..).[:}..).".▓..[.))..}|.:.}).
)....}}......)..▓....}.[})..|[)}.
........)...)[|.▓[.|.}[.)......}.
[..........)....▓.....)[..)......


There were no monsters in sight!

Vanquished Creatures
  5 ancient liches (D)
  A Tzitzimitl (D)
  An iron giant (D)
  3 liches (D)
  An Ice Fiend (D)
  5 deep elf blademasters (D)
  A titan (D)
  6 deep elf master archers (D)
  A kraken (D)
  12 shadow dragons (D)
  2 frost giants (D)
  4 ghost moths (D)
  8 deep elf sorcerers (D)
  2 emperor scorpions (D)
  An orc warlord (D)
  10 ghouls (D)
  A deep elf elementalist (D)
  2 ironbound preservers (D)
  14 reapers (D)
  8 stone giants (D)
  A deep elf demonologist (D)
  3 vampire knights (D)
  An entropy weaver (D)
  9 deep elf annihilators (D)
  A spark wasp (D)
  4 blizzard demons (D)
  5 merfolk javelineers (D)
  5 fire dragons (D)
  3 merfolk impalers (D)
  5 deep elf high priests (D)
  7 ice dragons (D)
  A hydra (D)
  20 vault guards (D)
  An ironbound frostheart (D)
  4 merfolk aquamancers (D)
  6 dancing weapons (D)
  A two-headed ogre (D)
  A hell hog (D)
  An orc high priest (D)
  4 vampire magi (D)
  4 deep elf knights (D)
  7 soul eaters (D)
  2 sea snakes (D)
  6 skeletal warriors (D)
  3 swamp dragons (D)
  2 deep elf archers (D)
  A death drake (D)
  A phantasmal warrior (D)
  5 deep elf zephyrmancers (D)
  An ironbound convoker (D)
  An orc knight (D)
  16 necromancers (D)
  3 orb spiders (D)
  4 deep elf pyromancers (D)
  A harpy (D)
  2 orc sorcerers (D)
  12 wolf spiders (D)
  An ugly thing (D)
  2 merfolk sirens (D)
  2 moths of wrath (D)
  2 manticores (D)
  6 rust devils (D)
  2 cyclopes (D)
  4 water nymphs (D)
  2 hellions (D)
  3 rime drakes (D)
  7 yaktaurs (D)
  A freezing wraith (D)
  7 tormentors (D)
  7 ice devils (D)
  4 demonic crawlers (D)
  3 trolls (D)
  2 komodo dragons (D)
  A meliai (D)
  8 jumping spiders (D)
  2 polar bears (D)
  2 red devils (D)
  A polar bear (shapeshifter) (D)
  12 hornets (D)
  2 wind drakes (D)
  10 merfolk (D)
  2 slime creatures (D)
  7 redbacks (D)
  13 shadows (D)
  An air elemental (D)
  7 tarantellas (D)
  A vampire (D)
  A wraith (D)
  A spriggan (shapeshifter) (D)
  3 wyverns (D)
  A human (shapeshifter) (D)
  4 water elementals (D)
  A basilisk (D)
  3 steam dragons (D)
  2 wargs (D)
  2 acid dragons (D)
  6 hell hounds (D)
  A swamp drake (D)
  A sky beast (shapeshifter) (D)
  7 necrophages (D)
  3 ice beasts (D)
  8 orc warriors (D)
  2 ogres (D)
  2 wolves (D)
  A phantom (D)
  2 bullfrogs (D)
  7 wights (D)
  A crimson imp (D)
  4 orc priests (D)
  8 iron imps (D)
  An iguana (D)
  2 mummies (D)
  A white imp (D)
  An ufetubus (D)
  13 adder zombies (D)
  5 adder skeletons (D)
  2 adder simulacra (D)
  2 orcs (D)
  A spectral bat (D)
  8 bat skeletons (D)
  8 bat zombies (D)
  An endoplasm (D)
  A ball python simulacrum (D)
  8 ball python skeletons (D)
  9 ball python zombies (D)
  4 bat simulacra (D)
  8 giant cockroach zombies (D)
  2 jackal skeletons (D)
  A jackal zombie (D)
  A quokka simulacrum (D)
  A quokka skeleton (D)
  7 quokka zombies (D)
  A spectral ball python (D)
  2 spectral jackals (D)
  6 tentacles (D)
533 creatures vanquished.

Vanquished Creatures (others)
  2 tentacles (D)
2 creatures vanquished.

Grand Total: 535 creatures vanquished

Notes
Turn   | Place    | Note
-------+----------+-------------------------------------------
     0 | D        | mhtbhm the Deep Dwarf Fighter began the quest for the Orb.
     0 | D        | Reached XP level 1. HP: 20/20 MP: 1/1
     0 | D        | Found a shimmering blue altar of Sif Muna.
     0 | D        | Found a bloodstained altar of Trog.
     0 | D        | Found a sacrificial altar of Ru.
     0 | D        | Found a stormy altar of Qazlal.
     0 | D        | Found an iron altar of Okawaru.
     1 | D        | Found a sparkling altar of Nemelex Xobeh.
     1 | D        | Found a blossoming altar of Fedhas.
     2 | D        | Found the +6 Majin-Bo {vamp, MP+6 Int+6}
     2 | D        | Found the +9 heavy crossbow "Sniper" {vorpal, Acc+∞ SInv}
     2 | D        | Found the +10 dark maul {vorpal}
     2 | D        | Found the +15 Maxwell's patent armour {-Cast -Tele rElec
                  | Will+ rCorr}
     2 | D        | Found the +18 shield of the Gong {rElec rN+ Will+ EV-5}
     2 | D        | Found the +14 obsidian axe {vorpal, Drain Fly SInv}
     2 | D        | Found the +7 great mace "Firestarter" {inner flame, rF++}
     2 | D        | Found the +6 shillelagh "Devastator" {shatter}
     2 | D        | Found the +11 plutonium sword {Contam Stlth-}
     2 | D        | Found the +8 lance "Wyrmbane" {slay drac, rPois rF+ rC+
                  | AC+3}
     2 | D        | Found the +9 sword of Zonguldrok {reap}
     2 | D        | Found the +13 scythe of Curses {drain, Drain}
     2 | D        | Found the +5 sword of Power {vorpal}
     2 | D        | Found the +7 mace of Variability {chain chaos}
     2 | D        | Found the +7 Singing Sword {vorpal, sonic wave}
     2 | D        | Found the +8 storm bow {elec, penet}
     4 | D        | Found an ancient bone altar of Kikubaaqudgha.
     4 | D        | Found a transporter.
     4 | D        | Found a corrupted altar of Lugonu.
     4 | D        | Found a viscous altar of Jiyva.
     4 | D        | Found a burning altar of Makhleb.
     4 | D        | Found a hazy altar of Hepliaklqana.
     4 | D        | Found an opulent altar of Gozag.
    24 | D        | Became a worshipper of Qazlal Stormbringer
    82 | D        | Entered arena 2.
    82 | D        | Noticed an orc priest
    82 | D        | Noticed an orc priest
    82 | D        | Found a transporter.
    84 | D        | Killed an orc priest
    84 | D        | Killed an orc priest
    85 | D        | Reached skill level 5 in Armour
    85 | D        | Reached skill level 5 in Shields
    85 | D        | Reached skill level 1 in Evocations
    85 | D        | Reached XP level 2. HP: 12/30 MP: 1/4
    85 | D        | Reached XP level 3. HP: 14/36 MP: 1/5
   333 | D        | Entered arena 3.
   333 | D        | Noticed a slime creature
   333 | D        | Noticed a slime creature
   333 | D        | Found a transporter.
   334 | D        | Reached * piety under Qazlal
   338 | D        | Killed a slime creature
   339 | D        | Reached skill level 5 in Fighting
   339 | D        | Reached skill level 1 in Polearms
   339 | D        | Reached XP level 4. HP: 35/48 MP: 6/9
   339 | D        | Reached XP level 5. HP: 40/55 MP: 6/10
   341 | D        | Killed a slime creature
   342 | D        | Reached XP level 6. HP: 46/63 MP: 6/12
   347 | D        | Got the amulet "Gugipon" {Reflect rC+ rN+ rCorr MP-9 SH+5}
   387 | D        | Entered arena 4.
   387 | D        | Noticed a merfolk
   387 | D        | Noticed a merfolk
   387 | D        | Noticed a merfolk
   387 | D        | Noticed a merfolk
   387 | D        | Found a transporter.
   393 | D        | Killed a merfolk
   393 | D        | Reached ** piety under Qazlal
   394 | D        | Reached XP level 7. HP: 59/72 MP: 13/13
   397 | D        | Killed a merfolk
   411 | D        | Killed a merfolk
   412 | D        | Reached skill level 5 in Axes
   412 | D        | Reached skill level 10 in Invocations
   412 | D        | Reached XP level 8. HP: 43/81 MP: 15/15
   420 | D        | Killed a merfolk
   421 | D        | Reached skill level 10 in Shields
   439 | D        | Entered arena 5.
   439 | D        | Noticed a white ugly thing
   439 | D        | Found a transporter.
   440 | D        | Identified the +6 quarterstaff "Qyaffeix" {drain, MP+9
                  | Dex+2}
   441 | D        | Reached *** piety under Qazlal
   444 | D        | Killed a white ugly thing
   445 | D        | Reached skill level 5 in Polearms
   445 | D        | Reached skill level 10 in Armour
   445 | D        | Reached skill level 5 in Evocations
   445 | D        | Noticed a polar bear
   445 | D        | a human changed into a polar bear
   458 | D        | Killed a polar bear
   458 | D        | Reached **** piety under Qazlal
   459 | D        | Gained mutation: You passively map the area around you.
                  | [Deep Dwarf growth]
   459 | D        | Reached XP level 9. HP: 88/90 MP: 17/17
   475 | D        | Entered arena 6.
   475 | D        | Found a transporter.
   493 | D        | Reached ***** piety under Qazlal
   602 | D        | Entered arena 7.
   605 | D        | Found a transporter.
   642 | D        | Entered arena 8.
   642 | D        | Noticed an ironbound preserver
   642 | D        | Noticed an ironbound convoker
   642 | D        | Noticed an ironbound frostheart
   642 | D        | Noticed a yaktaur
   642 | D        | Noticed a vault guard
   642 | D        | Noticed an ironbound preserver
   643 | D        | Identified the +11 scimitar of Oily Defence {distort, rF++}
   643 | D        | Found a transporter.
   645 | D        | Killed an ironbound frostheart
   645 | D        | Killed a yaktaur
   645 | D        | Killed an ironbound convoker
   645 | D        | Reached ****** piety under Qazlal
   645 | D        | Killed a vault guard
   646 | D        | Reached skill level 1 in Dodging
   646 | D        | Reached XP level 10. HP: 95/99 MP: 11/20
   649 | D        | Killed an ironbound preserver
   650 | D        | Killed an ironbound preserver
   651 | D        | Reached skill level 15 in Shields
   699 | D        | Entered arena 9.
   700 | D        | Found a transporter.
   740 | D        | Entered arena 10.
   740 | D        | Noticed a cyclops
   741 | D        | Killed a cyclops
   743 | D        | Reached XP level 11. HP: 102/106 MP: 13/22
   743 | D        | Found a transporter.
   744 | D        | Reached skill level 10 in Polearms
   744 | D        | Reached skill level 15 in Invocations
   755 | D        | Got the ring of Generosity {rF+ Will+}
   784 | D        | Entered arena 11.
   788 | D        | Found a transporter.
   819 | D        | Entered arena 12.
   819 | D        | Noticed a hell hog
   820 | D        | Noticed a reaper
   822 | D        | Killed a hell hog
   823 | D        | Found a transporter.
   849 | D        | Killed a reaper
   850 | D        | Reached skill level 10 in Fighting
   928 | D        | Entered arena 13.
   928 | D        | Noticed a soul eater
   928 | D        | Noticed a ghoul
   932 | D        | Found a transporter.
   945 | D        | Killed a soul eater
   956 | D        | Killed a ghoul
   957 | D        | Reached skill level 10 in Evocations
   966 | D        | Got the ring "Guopt" {Ice +Blink rN+ Stlth+}
   995 | D        | Entered arena 14.
   995 | D        | Noticed a lich
   996 | D        | Noticed a necromancer
   996 | D        | Noticed a vampire knight
   996 | D        | Noticed a necromancer
   996 | D        | Noticed a necromancer
   996 | D        | Noticed a skeletal warrior
   999 | D        | Killed a necromancer
   999 | D        | Killed a necromancer
   999 | D        | Killed a necromancer
  1000 | D        | Reached XP level 12. HP: 115/116 MP: 12/24
  1001 | D        | Killed a vampire knight
  1007 | D        | Killed a lich
  1008 | D        | Found a transporter.
  1051 | D        | Entered arena 15.
  1051 | D        | Noticed a vampire knight
  1055 | D        | Identified the +6 hand axe of Biserrap {vorpal, rF+ Int-3
                  | Dex+5 SInv}
  1055 | D        | Noticed a vampire mage
  1056 | D        | Found the +8 arc blade {discharge, rElec}
  1058 | D        | Killed a vampire mage
  1066 | D        | Killed a vampire knight
  1069 | D        | Found a transporter.
  1114 | D        | Entered arena 16.
  1115 | D        | Noticed a vampire knight
  1115 | D        | Noticed a vampire mage
  1116 | D        | Identified the +3 quarterstaff "Afaigucy" {protect, rElec
                  | rPois rC+ MP-9}
  1116 | D        | Identified the +7 flail of a bazaar {protect, rCorr Dex+7}
  1119 | D        | Found a transporter.
  1119 | D        | Killed a vampire mage
  1134 | D        | Killed a vampire knight
  1175 | D        | Entered arena 17.
  1179 | D        | Noticed a vampire mage
  1181 | D        | Killed a vampire mage
  1182 | D        | Reached XP level 13. HP: 125/127 MP: 15/27
  1216 | D        | Found the +10 zealot's sword {holy, *Rage rN+ EV+3}
  1216 | D        | Found a transporter.
  1260 | D        | Got the ring "Goazomubb" {Drain Str+6 Dex+6}
  1277 | D        | Entered arena 18.
  1279 | D        | Noticed an orc warlord
  1290 | D        | Killed an orc warlord
  1291 | D        | Found a transporter.
  1326 | D        | Got the amulet "Emnen" {RegenMP Will+}
  1347 | D        | Got the amulet "Pyret" {Reflect Dex+2 SH+5}
  1385 | D        | Entered arena 19.
  1387 | D        | Noticed a ghoul
  1388 | D        | Noticed a ghoul
  1388 | D        | Noticed a lich
  1388 | D        | Identified the +8 ice dragon scales "Ocziom" {Harm rF- rC++
                  | Str-4 Dex+4}
  1390 | D        | Killed a lich
  1398 | D        | Killed a ghoul
  1401 | D        | Killed a ghoul
  1408 | D        | Found a transporter.
  1455 | D        | Entered arena 20.
  1459 | D        | Noticed a fire dragon
  1460 | D        | Noticed a fire dragon
  1460 | D        | Noticed a fire dragon
  1461 | D        | Noticed a fire dragon
  1461 | D        | Noticed a fire dragon
  1492 | D        | Killed a fire dragon
  1493 | D        | Gained mutation: You resist negative energy. (rN+) [Deep
                  | Dwarf growth]
  1493 | D        | Reached XP level 14. HP: 138/138 MP: 29/29
  1532 | D        | Found a transporter.
  1538 | D        | Got the Guide on Creative Enchantment
  1546 | D        | Got the Collected Works on the Mutagenic Glacier
  1615 | D        | Entered arena 21.
  1623 | D        | Found the +3 giant club "Skullcrusher" {speed, Str+7}
  1625 | D        | Killed a ghost moth
  1626 | D        | Killed a ghost moth
  1630 | D        | Found a transporter.
  1642 | D        | Got the amulet of Muitos {Reflect -Cast Str+5 SH+5}
  1646 | D        | Got the ring of Bodily Harmony {rElec rPois MP+9}
  1654 | D        | Got The Last Papyrus of the Deep Elf Lorekeeper
  1656 | D        | Got the ring of Istrug {rC- Will+ Int+2 Stlth+}
  1674 | D        | Got the +0 pair of boots of Youthful Indiscretion {rN+}
  1725 | D        | Entered arena 22.
  1729 | D        | Noticed a kraken
  1729 | D        | Identified the ring "Rasod" {rF+ AC+4 Str+2}
  1732 | D        | Reached skill level 27 in Invocations
  1732 | D        | Killed a kraken
  1733 | D        | Reached XP level 15. HP: 124/148 MP: 8/30
  1736 | D        | Identified the +4 hand axe of Ecahiqewk {vorpal, Fragile
                  | MP+9 Int+4}
  1737 | D        | Found a transporter.
  1740 | D        | Reached skill level 15 in Armour
  1816 | D        | Got the Catalogue of the Rocks
  1820 | D        | Got Sif Muna's Handbook of Quantum Conjuration
  1859 | D        | Entered arena 23.
  1870 | D        | Noticed an Ice Fiend
  1872 | D        | Killed a frost giant
  1873 | D        | Noticed a frost giant
  1875 | D        | Killed a frost giant
  1876 | D        | Killed an Ice Fiend
  1879 | D        | Found the +7 Spriggan's Knife {stab, EV+4 Stlth+}
  1879 | D        | Found a transporter.
  1890 | D        | Got the Guide on Ashen Displacement
  1896 | D        | Got the ring "Netassed" {+Blink rN+ Slay-5 SInv Stlth-}
  1906 | D        | Got the ring "Fiug Jue" {rC+ rN+ Int+4}
  1928 | D        | Got the ring of Aveij {Fire rN+ Will+}
  1953 | D        | Entered arena 24.
  1961 | D        | Killed a ghost moth
  1961 | D        | Killed a ghost moth
  1962 | D        | Reached skill level 15 in Fighting
  1962 | D        | Reached skill level 15 in Polearms
  1962 | D        | Reached skill level 5 in Dodging
  1962 | D        | Reached skill level 27 in Shields
  1979 | D        | Found a transporter.
  2076 | D        | Entered arena 25.
  2082 | D        | Noticed an ancient lich
  2082 | D        | Noticed an ancient lich
  2082 | D        | Noticed a shadow dragon
  2082 | D        | Noticed an ancient lich
  2082 | D        | Noticed a shadow dragon
  2083 | D        | Noticed a shadow dragon
  2083 | D        | Noticed a shadow dragon
  2083 | D        | Noticed an ancient lich
  2083 | D        | Identified the +1 great sword of Modesty {protect, *Corrode
                  | rElec rC++}
  2084 | D        | Found the amulet of the Four Winds {rN+ Will+++ Clar}
  2084 | D        | Noticed an ancient lich
  2085 | D        | Noticed a lich
  2085 | D        | Killed an ancient lich
  2085 | D        | Killed an ancient lich
  2085 | D        | Killed a shadow dragon
  2085 | D        | Killed a shadow dragon
  2085 | D        | Noticed a shadow dragon
  2086 | D        | Reached XP level 16. HP: 129/171 MP: 20/28
  2086 | D        | Killed a lich
  2086 | D        | Killed a shadow dragon
  2086 | D        | Killed an ancient lich
  2086 | D        | Killed an ancient lich
  2086 | D        | Killed a shadow dragon
  2086 | D        | Killed an ancient lich
  2086 | D        | Killed a shadow dragon
  2087 | D        | Reached XP level 17. HP: 140/186 MP: 13/29
  2088 | D        | Found the ring of the Tortoise {AC+8}
  2088 | D        | Noticed a titan
  2089 | D        | Found the +2 shield of Resistance {rF++ rC++ Will++}
  2089 | D        | Killed a titan
  2092 | D        | Found a transporter.
  2235 | D        | Got the ring "Batyhosy" {Ice rCorr}
  2254 | D        | Got the ring "Niucuned" {Str+2 SInv}
  2281 | D        | Entered arena 26.
  2291 | D        | Noticed a Tzitzimitl
  2292 | D        | Killed a Tzitzimitl
  2293 | D        | Reached skill level 10 in Dodging
  2295 | D        | Found the +8 frozen axe "Frostbite" {freezing cloud, *Noise
                  | Fly rC+}
  2295 | D        | Found the +1 cloak of Starlight {*Dazzle EV+4 Stlth--}
  2315 | D        | Found a transporter.
  2329 | D        | Got the amulet "Soedghuk" {Spirit rPois Str+4 Stlth+}
  2388 | D        | Entered arena 27.
  2399 | D        | Noticed an iron giant
  2400 | D        | Found the +3 hat of Pondering {ponderous, Will+ MP+10
                  | Int+5}
  2401 | D        | Identified the +4 whip of Cihoc {venom, rC+ rN+ Stlth+}
  2402 | D        | Killed an iron giant
  2403 | D        | Gained mutation: You passively map a large area around you.
                  | [Deep Dwarf growth]
  2403 | D        | Reached XP level 18. HP: 101/204 MP: 9/30
  2408 | D        | Found the +4 skin of Zhor {*Englaciate rC+++ SInv}
  2413 | D        | Found a transporter.
  2425 | D        | Reached skill level 27 in Armour
  2442 | D        | Got Emod's Almanac of the Rocks and Necromancy
  2470 | D        | Got the ring of Beogh's Delight {rN+ Will+ Str+4 Dex-5}
  2477 | D        | Got the ring of Wugem {Fire rN+}
  2495 | D        | Got the Compendium of Dark Magic and Calling
  2505 | D        | Entered arena 28.
  2523 | D        | Identified the +8 flail of Ateiptosch {freeze, rC- Dex-3
                  | SInv Stlth+}
  2523 | D        | Identified the +8 dagger of Traps {antimagic, *Slow rN+
                  | Str+3 Stlth+}
  2529 | D        | Reached skill level 27 in Evocations
  2538 | D        | Found the +6 arbalest "Damnation" {damnation}
  2550 | D        | Found a transporter.
  2600 | D        | Reached skill level 1 in Earth Magic
  2600 | D        | Reached XP level 19. HP: 114/223 MP: 21/28
  2607 | D        | Got the Orb of Zot
  2612 | D        | Escaped with the Orb!

Illustrated notes

Levels and vault maps discovered:
D:        sprint_v [room_start, room_1, room_2, room_3, room_4, room_5, room_6,
          room_7, room_8, room_9, room_10, room_11, room_12, room_13, room_14,
          room_15, room_16, room_17, room_18, room_19, room_20, room_21,
          room_22, room_23, room_24, room_25, room_26, room_27]

Skill      XL: |  1  2  3  4  5  6  7  8  9 10 11 12 13 14 15 16 17 18 |
---------------+-------------------------------------------------------+-----
Fighting       | 4 5 6 7 8 9 10 11 12 13 17 20 22 26 | 26.1
Axes           | 3 4 5 |  5.4
Armour         | 5 7 8 9 10 11 12 14 21 23 26 27 | 27.0
Shields        | 5 7 8 9 11 13 15 17 19 20 25 27 | 27.0
Invocations    | 3 6 8 10 11 13 14 18 22 25 27 | 27.0
Evocations     | 1 2 3 4 5 7 8 10 11 12 16 18 21 27 | 27.0
Polearms       | 1 2 3 4 5 8 9 11 12 13 14 17 19 21 25 | 25.2
Dodging        | 1 2 3 7 9 11 14 | 14.1
Earth Magic    | 1 |  1.0
Short Blades   | |  0.6
Long Blades    | |  0.4
Maces & Flails | |  0.4
Staves         | |  0.3
Slings         | |  0.4
Bows           | |  0.2
Crossbows      | |  0.4
Throwing       | |  0.3
Unarmed Combat | |  0.3
Spellcasting   | |  0.5
Conjurations   | |  0.3
Hexes          | |  0.2
Summonings     | |  0.3
Necromancy     | |  0.4
Translocations | |  0.4
Transmutations | |  0.3
Fire Magic     | |  0.3
Ice Magic      | |  0.3
Air Magic      | |  0.2
Poison Magic   | |  0.2

Action                   |  1- 3 |  4- 6 |  7- 9 | 10-12 | 13-15 | 16-18 | 19-21 || total
-------------------------+-------+-------+-------+-------+-------+-------+-------++-------
Melee: Lance             |     2 |     5 |    61 |   112 |   152 |    33 |       ||   365
Invok: Disaster Area     |       |       |     1 |    10 |    11 |    10 |       ||    32
       Upheaval          |       |       |       |       |     1 |     1 |       ||     2
 Abil: Heal Wounds       |     1 |       |       |     2 |    14 |     6 |       ||    23
Evoke: Wand              |     5 |     1 |     5 |     3 |       |       |       ||    14
       Lightning rod     |       |     1 |     1 |       |       |       |       ||     2
       Condenser vane    |       |       |     2 |     9 |     6 |     6 |       ||    23
       Tin of tremorston |       |       |       |       |     1 |       |       ||     1
  Use: Potion            |       |     1 |     4 |       |     9 |     2 |       ||    16
Armor: Plate armour      |       |     3 |    24 |    24 |   114 |    11 |       ||   176
Dodge: Dodged            |       |       |     1 |     1 |    16 |     5 |       ||    23
       Repelled          |       |       |       |       |     1 |     1 |       ||     2
Block: Kite shield       |     2 |    11 |    84 |   117 |   232 |    77 |       ||   523
       Reflection        |       |       |       |       |     9 |     2 |       ||    11

Table legend: (Time is in decaauts)
 A = Elapsed time spent in this place.
 B = Non-inter-level travel time spent in this place.
 C = Inter-level travel time spent in this place.
 D = Time resting spent in this place.
 E = Time spent auto-exploring this place.
 F = Levels seen in this place.
 G = Mean time per level.
                   A        B        C        D        E       F      G
               +--------+--------+--------+--------+--------+-----+--------+
         Total |   2499 |   2499 |      0 |    522 |     93 |   1 | 2499.0 |
       Dungeon |   2499 |   2499 |      0 |    522 |     93 |   1 | 2499.0 |
               +--------+--------+--------+--------+--------+-----+--------+

Top non-repeatable levels by time:
       D: 2499 daAuts
